 Dungeon Crawl Stone Soup version 0.29.1-1-gd02db6906a (webtiles) character file.

Game seed: 1828550875533554092

20180 RascalDebosk the Fighter (level 12, -2/112 HPs)
             Began as a Minotaur Berserker on Sept 15, 2022.
             Was an Elder of Trog.
             Slain by a smoke demon (4 damage)
             ... summoned by an orc sorcerer
             ... on level 1 of the Orcish Mines.
             The game lasted 01:12:17 (12529 turns).

RascalDebosk the Fighter (Minotaur Berserker)      Turns: 12529, Time: 01:12:20

Health: -2/112     AC: 24    Str: 25    XL:     12   Next: 43%
Magic:  3/3        EV:  8    Int:  9    God:    Trog [****..]
Gold:   1428       SH:  0    Dex: 14    Spells: 11/11 levels left

rFire   + . .      SeeInvis .   L - +4 executioner's axe (antimagic)
rCold   . . .      Faith    .   (shield currently unavailable)
rNeg    . . .      Spirit   .   r - +2 plate armour of the Bull {rF+}
rPois   +          Reflect  .   (helmet restricted)
rElec   .          Harm     .   i - +2 cloak
rCorr   .          Rampage  .   s - +1 pair of gloves "Qociuli" {Int+3 Dex+4}
Will    ++...                   J - +0 pair of boots
Stlth   ..........              t - amulet of the acrobat
HPRegen 1.28/turn               M - ring of flight
MPRegen 0.08/turn               G - ring of poison resistance

@: mighty, strong-willed, on berserk cooldown, flying, regenerating, slowed,
very slow
A: horns 2, retaliatory headbutt
a: Renounce Religion, Berserk, Trog's Hand, Brothers in Arms


You were on level 1 of the Orcish Mines.
You worshipped Trog.
Trog was greatly pleased with you.
You visited 3 branches of the dungeon, and saw 13 of its levels.
You also visited: Ossuary.

You collected 2590 gold pieces.
You spent 1162 gold pieces at shops.

Inventory:

Hand Weapons
 x - a +0 hand axe of flaming
 L - a +4 antimagic executioner's axe (weapon)
 P - a +9 battleaxe
Missiles
 j - 8 boomerangs (quivered)
 p - 32 poisoned darts
 D - a curare-tipped dart
 O - 4 throwing nets
Armour
 c - a +0 buckler
 i - a +2 cloak (worn)
 r - the +2 plate armour of the Bull (worn) {rF+}
   (You bought it in a shop on level 1 of the Dungeon)

   rF:        It protects you from fire.
 s - the +1 pair of gloves "Qociuli" (worn) {Int+3 Dex+4}
   (You bought it in a shop on level 1 of the Dungeon)

   Int:       It affects your intelligence (+3).
   Dex:       It affects your dexterity (+4).
 J - a +0 pair of boots (worn)
Jewellery
 h - a +6 ring of strength
 t - an amulet of the acrobat (around neck)
 G - a ring of poison resistance (right hand)
 M - a ring of flight (left hand)
Wands
 y - a wand of mindburst (5)
 B - a wand of flame (10)
 E - a wand of roots (7)
 I - a wand of charming (3)
 K - a wand of light (3)
Scrolls
 n - 3 scrolls of teleportation
 q - 5 scrolls of noise
 z - a scroll of magic mapping
 F - a scroll of identify
Potions
 a - 2 potions of might
 b - 2 potions of brilliance
 e - a potion of haste
 g - 3 potions of curing
 k - a potion of lignification {unknown}
 l - 2 potions of invisibility
 m - 6 potions of mutation
 u - 3 potions of attraction
 v - a potion of resistance
 w - 2 potions of cancellation {unknown}
 A - a potion of magic {unknown}
 H - 2 potions of berserk rage {unknown}


   Skills:
 + Level 11.8 Fighting
 + Level 11.7 Axes
 + Level 9.4 Throwing
 + Level 11.5 Armour
 - Level 2.1 Dodging
 + Level 8.6 Evocations


You had 11 spell levels left.
You didn't know any spells.
Your spell library was empty.

Dungeon Overview and Level Annotations

Branches:
Dungeon (10/15)            Temple (1/1) D:7            Lair (0/5) D:8
    Orc (2/2) D:10            Elf (0/3) Orc:2       Ossuary (visited)

Altars:
Ashenzari
Cheibriados
Dithmenos
Elyvilon
Fedhas
Gozag
Hepliaklqana
Kikubaaqudgha
Makhleb
Nemelex Xobeh
Okawaru
Qazlal
Ru
Sif Muna
Trog
Uskayaw
Vehumet
Wu Jian
Xom
Yredelemnul
Zin
The Shining One

Shops:
D:1 [   D:9 [

Annotations:
Orc:1 Sonja
Orc:2 2 transporters, hilljack's ghost, journeyman GrGl


Innate Abilities, Weirdness & Mutations

You have a pair of horns on your head.
You reflexively headbutt those who attack you in melee.


Message History

The orc priest hits you with a +0 hand axe.
* * * LOW HITPOINT WARNING * * *
The orc priest calls down the wrath of Beogh upon you.
Beogh smites you!
* * * LOW HITPOINT WARNING * * *
Your skin crawls.
You feel strong-willed.
The orc priest hits you but does no damage. x2
The orc warrior hits you but does no damage.
Your two-headed ogre goes berserk!
Trog will no longer gift you weapons. The orc priest hits you with a +0 club.
* * * LOW HITPOINT WARNING * * *
An orc comes into view. It is wielding a +0 dagger.
The orc sorcerer roars to no one in particular.
The orc barely misses you. You furiously retaliate!
You headbutt the orc!
You kill the orc!
Trog accepts your kill. The orc hits you but does no damage.
The orc priest hits you but does no damage.
The orc warrior hits you with a +0 dire flail!
* * * LOW HITPOINT WARNING * * *
The smoke demon hits you but does no damage. x2
The smoke demon hits you.
* * * LOW HITPOINT WARNING * * *
Sonja mumbles some strange words.
Sonja blinks!
The orc wizard casts a spell.
The orc wizard flickers and vanishes!
Deactivating autopickup; reactivate with Ctrl-A.
The orc closely misses you. You furiously retaliate!
You headbutt the orc!
You kill the orc!
Trog accepts your kill. The orc warrior closely misses you.
You furiously retaliate!
You headbutt the orc warrior!
The orc wizard hits you but does no damage.
The orc priest looks satisfied for a moment.
The smoke demon hits you but does no damage.
The smoke demon barely misses you. The smoke demon hits you.
You die...

...##... .
..#.... ### #.
.....####...
... ....#.#....
.... .........#
..... ...O....#
#.....#oo...K#
....{oo@o§...#
......oo3......
.o....oo.......
...........^..#
..............#
......#........
......##......#
...... ......#


You could see a smoke demon (summoned), an orc sorcerer, Sonja, 2 orc warriors,
3 orc priests, an orc wizard, 3 orcs and a friendly two-headed ogre (summoned,
berserk).

Vanquished Creatures
  A boulder beetle (D:10)
  Harold (Orc:1)
  A two-headed ogre (Orc:2)
  Pikel (D:6)
  2 orc knights (Orc:1)
  2 orc sorcerers (Orc:2)
  The ghost of miserystealer the Slasher, a novice GnCA of Ignis (D:5)
  Maggie (D:10)
  A komodo dragon (D:8)
  A kobold demonologist (D:10)
  An unseen horror (D:10)
  2 trolls
  A hornet (D:7)
  Sigmund (D:4)
  2 fire bats (D:5)
  A shadow (D:8)
  19 yaks
  A vampire (D:10)
  2 humans (D:9)
  3 steam dragons (D:9)
  Menkaure (D:4)
  A warg (Orc:1)
  6 water moccasins
  6 orc warriors
  A swamp drake (D:10)
  7 black bears
  11 ogres
  A sky beast (D:7)
  2 ice beasts
  A centaur (D:10)
  2 lemures (D:6)
  2 phantoms
  3 kobold brigands
  2 gnoll sergeants (D:9)
  3 bullfrogs
  2 necrophages
  5 scorpions
  10 wights (D:8)
  6 killer bees (D:7)
  3 jellies
  5 howler monkeys
  A crimson imp (D:10)
  2 human zombies (Ossuary)
  3 hounds
  5 orc priests
  A gnoll bouda (D:5)
  6 iguanas
  17 orc wizards
  2 mummies (Ossuary)
  16 gnolls
  6 adders
  2 white imps (D:8)
  2 worms
  A dart slug (D:4)
  41 orcs
  6 endoplasms
  3 giant cockroaches
  9 hobgoblins
  6 jackals (D:1)
  5 quokkas
  5 ball pythons
  8 bats
  3 frilled lizards
  2 gnoll zombies (Ossuary)
  9 goblins
  A goblin zombie (Ossuary)
  A hobgoblin zombie (Ossuary)
  13 kobolds
  A kobold zombie (Ossuary)
  An orc zombie (Ossuary)
  5 rats
308 creatures vanquished.

Vanquished Creatures (collateral kills)
  3 two-headed ogres (Orc:2)
  Lodul (D:10)
  An orc knight (Orc:2)
  A troll (Orc:2)
  3 orc warriors
  2 orcs
11 creatures vanquished.

Vanquished Creatures (others)
  3 ogres (D:10)
  An orc wizard (D:10)
  An orc (D:10)
  36 fungi (D:8)
  38 plants
79 creatures vanquished.

Grand Total: 398 creatures vanquished

Notes
Turn   | Place    | Note
-------+----------+-------------------------------------------
     0 | D:1      | RascalDebosk the Minotaur Berserker began the quest for the
                  | Orb.
     0 | D:1      | Reached XP level 1. HP: 19/19 MP: 0/0
   126 | D:1      | Found Quacw's Antique Armour Shop.
   459 | D:1      | Reached XP level 2. HP: 24/27 MP: 1/1
   666 | D:1      | Found a faded altar of an unknown god.
   793 | D:1      | Reached ** piety under Trog
   985 | D:1      | Reached skill level 1 in Throwing
   985 | D:1      | Reached XP level 3. HP: 18/33 MP: 0/2
  1595 | D:2      | Reached skill level 1 in Evocations
  2135 | D:2      | Reached XP level 4. HP: 40/40 MP: 3/3
  2881 | D:3      | Found a sparkling altar of Nemelex Xobeh.
  2952 | D:3      | Noticed a scorpion
  2957 | D:3      | Killed a scorpion
  2958 | D:3      | Reached XP level 5. HP: 40/47 MP: 4/4
  3246 | D:3      | Found a sacrificial altar of Ru.
  3255 | D:3      | You fall into a shaft and drop 3 floors!
  3260 | D:6      | Identified a scroll of acquirement
  3260 | D:6      | Acquired 1251 gold pieces
  3551 | D:6      | Noticed a black bear
  3570 | D:5      | Entered Level 5 of the Dungeon
  3588 | D:5      | Noticed a black bear
  3591 | D:5      | Found a snail-covered altar of Cheibriados.
  3603 | D:5      | Killed a black bear
  3604 | D:5      | Reached XP level 6. HP: 55/55 MP: 5/5
  3652 | D:4      | Reached skill level 5 in Fighting
  3652 | D:4      | Reached skill level 5 in Axes
  3777 | D:1      | Bought a transparent plate armour for 784 gold pieces
  3777 | D:1      | Identified the +2 plate armour of the Bull {rF+} (You
                  | bought it in a shop on level 1 of the Dungeon)
  3777 | D:1      | Bought a pair of warped gloves for 266 gold pieces
  3777 | D:1      | Identified the +1 pair of gloves "Qociuli" {Int+3 Dex+4}
                  | (You bought it in a shop on level 1 of the Dungeon)
  3968 | D:4      | Reached XP level 7. HP: 61/61 MP: 6/6
  3989 | D:4      | Found a hazy altar of Hepliaklqana.
  4114 | D:4      | Reached *** piety under Trog
  4141 | D:4      | Noticed Menkaure
  4152 | D:4      | Killed Menkaure
  4153 | D:4      | Reached skill level 5 in Armour
  4257 | D:4      | Found an opulent altar of Gozag.
  4334 | D:4      | Noticed Sigmund
  4342 | D:4      | Killed Sigmund
  4351 | D:4      | Reached XP level 8. HP: 31/70 MP: 7/7
  5007 | D:5      | Found a transporter.
  5085 | D:5      | Found a runed translucent door.
  5973 | D:5      | Found a transporter.
  6005 | D:5      | Reached skill level 5 in Throwing
  6284 | D:5      | Found a white marble altar of Elyvilon.
  6493 | D:5      | Noticed miserystealer's ghost (novice GnCA)
  6510 | D:5      | Killed miserystealer's ghost
  6511 | D:5      | Reached XP level 9. HP: 79/79 MP: 8/8
  6591 | D:6      | Found a hide-covered altar of Uskayaw.
  6749 | D:6      | Noticed Pikel
  6755 | D:6      | Killed Pikel
  6756 | D:6      | Reached skill level 5 in Evocations
  7686 | D:7      | Found a shadowy altar of Dithmenos.
  7751 | D:7      | Found a blossoming altar of Fedhas.
  7791 | D:7      | Reached XP level 10. HP: 90/90 MP: 9/9
  7793 | D:7      | Found a sand-covered staircase.
  7805 | Ossuary  | Entered an ossuary
  8093 | D:7      | Reached **** piety under Trog
  8187 | D:7      | Found a staircase to the Ecumenical Temple.
  8199 | Temple   | Entered the Ecumenical Temple
  8533 | D:8      | HP: 3/91 [komodo dragon (6)]
  8798 | D:8      | Found a staircase to the Lair.
  9648 | D:9      | Reached ***** piety under Trog
  9756 | D:9      | Reached XP level 11. HP: 97/99 MP: 10/10
  9790 | D:9      | Reached skill level 10 in Fighting
  9792 | D:9      | Reached skill level 10 in Axes
  9837 | D:9      | Found a shimmering blue altar of Sif Muna.
  9888 | D:9      | Found an iron altar of Okawaru.
 10220 | D:9      | Found Ycoudaem's Antique Armour Boutique.
 10223 | D:9      | Bought a pair of boots for 112 gold pieces
 10250 | D:10     | Entered Level 10 of the Dungeon
 10250 | D:10     | Noticed a boulder beetle
 10290 | D:10     | Killed a boulder beetle
 10616 | D:10     | Found a staircase to the Orcish Mines.
 10618 | D:10     | Noticed Maggie
 10628 | D:10     | Killed Maggie
 10628 | D:10     | Received a gift from Trog
 10629 | D:10     | Reached skill level 10 in Armour
 10651 | D:10     | Noticed Lodul
 10664 | D:10     | Killed Lodul
 11205 | D:10     | Found a radiant altar of Vehumet.
 11207 | D:10     | Found a burning altar of Makhleb.
 11414 | Orc:1    | Entered Level 1 of the Orcish Mines
 11414 | Orc:1    | Noticed Harold
 11423 | Orc:1    | Killed Harold
 11643 | Orc:2    | Entered Level 2 of the Orcish Mines
 11643 | Orc:2    | Noticed an orc knight
 11643 | Orc:2    | Noticed an orc knight
 11643 | Orc:2    | Found a burning altar of Makhleb.
 11658 | Orc:1    | Killed an orc knight
 11668 | Orc:1    | Killed an orc knight
 11715 | Orc:2    | Noticed an orc sorcerer
 12021 | Orc:2    | Noticed a soul eater
 12026 | Orc:1    | Reached XP level 12. HP: 76/110 MP: 3/11
 12152 | Orc:2    | Found a transporter.
 12202 | Orc:2    | Noticed hilljack's ghost (journeyman GrGl)
 12218 | Orc:2    | Found a transporter.
 12227 | Orc:2    | Received a gift from Trog
 12491 | Orc:2    | Noticed a two-headed ogre
 12492 | Orc:2    | Noticed a two-headed ogre
 12494 | Orc:2    | Noticed a two-headed ogre
 12497 | Orc:2    | Killed a two-headed ogre
 12498 | Orc:2    | Killed a two-headed ogre
 12499 | Orc:2    | Noticed a two-headed ogre
 12503 | Orc:2    | Killed a two-headed ogre
 12510 | Orc:2    | Noticed an ogre mage
 12511 | Orc:2    | Killed a two-headed ogre
 12520 | Orc:2    | HP: 4/112 [ogre/+0 giant spiked club (25)]
 12523 | Orc:2    | Noticed a two-headed ogre
 12524 | Orc:2    | Noticed a two-headed ogre
 12525 | Orc:1    | Noticed Sonja
 12525 | Orc:1    | HP: 2/112 [orc warrior/bolt (4)]
 12529 | Orc:1    | Slain by a smoke demon

Illustrated notes

Levels and vault maps discovered:
D:1:      enne_arrival_octagon_isle, layout_rooms,
          ebering_ecumenical_altar_webs, serial_co_window_serial,
          co_window_paths_a, co_window_of_opportunity_a, co_window_corner_a,
          co_window_of_opportunity_a, co_window_corner_a, co_window_broadway_a,
          co_window_broadway_a, co_window_broadway_a, co_window_unsneaky_path_b,
          co_window_paths_d, serial_shops, shop
D:2:      layout_rooms, serial_co_window_serial, co_window_cross_1,
          co_window_corner_a, co_window_corner_a, co_window_paths_a,
          co_window_corner_a, co_window_of_opportunity_c, co_window_2corner,
          co_window_of_opportunity_c, co_window_corner_cb, co_window_broadway_c,
          co_window_2corner, glass_columns_c
D:3:      layout_basic, lemuel_doored_altar, mainiacjoe_overflow_alcove_4,
          serial_bayou_lake_a
D:4:      layout_cave_pods, mainiacjoe_overflow_cross_hatched,
          nicolae_gozag_seed_capital, uniq_menkaure, uniq_sigmund
D:5:      gammafunk_cloud_chamber, layout_gridville, general_overflow_altar,
          mainiacjoe_overflow_chevrons, ebering_ghost_reflecting_pool,
          chequers_serial_rivers_small_3
D:6:      layout_loops_corners, nicolae_uskayaw_suspiria,
          nicolae_figureground_sparkle, uniq_pikel
D:7:      layout_cave_pools, old_standard_altar,
          nicolae_dithmenos_shadow_blocks, minmay_temple_entry_glass,
          lightli_ossuary_entry_decrepit_ruins, palyth_stone_intersect
D:8:      layout_loops_ring, due_lair_maze_entry_diamond
D:9:      layout_cave_pools, mainiacjoe_overflow_surrounded_room,
          okawaru_humans, serial_shops, kennysheep_mini
D:10:     layout_roguey, grunt_temple_overflow_lords_of_destruction, erik_orc_1,
          uniq_lodul, uniq_maggie
Temple:   hellmonk_temple_rainy
Orc:1:    layout_caves, basic_altar, nicolae_alphabet_shops, uniq_harold,
          uniq_erolcha, uniq_jorgrun, uniq_sonja
Orc:2:    st_orc_ogre_mass, layout_caves, basic_altar,
          gammafunk_ghost_berserking_beasts

Skill      XL: |  1  2  3  4  5  6  7  8  9 10 11 12 |
---------------+-------------------------------------+-----
Throwing       | 1 2 3 5 6 7 8 9 |  9.4
Fighting       | 4 5 6 7 8 9 11 | 11.8
Axes           | 4 5 6 7 8 9 11 | 11.7
Armour         | 3 4 5 6 8 9 10 11 | 11.5
Evocations     | 1 2 3 4 5 6 8 |  8.6
Dodging        | |  2.1

Action                   |  1- 3 |  4- 6 |  7- 9 | 10-12 || total
-------------------------+-------+-------+-------+-------++-------
Melee: Hand axe          |    80 |    77 |   119 |       ||   276
       Headbutt          |     9 |    12 |    50 |    65 ||   136
       Punch             |     1 |       |       |       ||     1
       War axe           |       |       |    53 |    52 ||   105
       Battleaxe         |       |       |       |   142 ||   142
       Executioner's axe |       |       |       |   120 ||   120
Throw: Boomerang         |     2 |       |       |     2 ||     4
Invok: Berserk           |       |     2 |     9 |    12 ||    23
       Trog's Hand       |       |       |     1 |     2 ||     3
       Brothers in Arms  |       |       |       |     3 ||     3
  Use: Scroll            |       |     5 |    10 |     5 ||    20
       Potion            |       |       |       |     3 ||     3
 Stab: Confused          |       |       |       |     2 ||     2
Armor: Animal skin       |    11 |       |       |       ||    11
       Leather armour    |     4 |       |       |       ||     4
       Scale mail        |       |    16 |       |       ||    16
       Plate armour      |       |    34 |   154 |   251 ||   439
Dodge: Dodged            |    67 |    34 |   109 |   183 ||   393
Block: Buckler           |     3 |     8 |    33 |     2 ||    46
